 Dungeon Crawl Stone Soup version 0.30-a0-170-g85af917532 (webtiles) character file.

Game seed: 12639009887478209479

30510 qw the Cleaver (level 13, -1/82 HPs)
             Began as a Gargoyle Fighter on Sept 30, 2022.
             Was a High Priest of Okawaru.
             Slain by a blink frog (2 damage)
             ... on level 5 of the Lair of Beasts.
             The game lasted 00:05:31 (15131 turns).

qw the Cleaver (Gargoyle Fighter)                  Turns: 15131, Time: 00:05:31

Health: -1/82      AC: 39    Str: 26    XL:     13   Next: 52%
Magic:  20/20      EV: 12    Int:  8    God:    Okawaru [*****.]
Gold:   697        SH: 14    Dex: 15    Spells: 12/12 levels left

rFire   . . .      SeeInvis +    Y - +3 broad axe (freeze)
rCold   . . .      Faith    .    s - +0 kite shield
rNeg    + . .      Spirit   .    w - +1 crystal plate armour "Ukkeiteg" {Contam Dex+6}
rPois   inf        Reflect  .    l - +0 hat {SInv}
rElec   +          Harm     .    (no cloak)
rCorr   .          Rampage  .    k - +0 pair of gloves
Will    .....                    (no boots)
Stlth   ..........               p - amulet of the acrobat
HPRegen 0.23/turn                t - +4 ring of protection
MPRegen 0.17/turn                n - +4 ring of evasion

@: heroic, slowed, very slow
A: sickness immunity, AC +9, negative energy resistance 1, electricity
resistance, torment resistance 1, petrification resistance
a: Renounce Religion, Heroism, Finesse, Duel


You were on level 5 of the Lair of Beasts.
You worshipped Okawaru.
Okawaru was extremely pleased with you.
You visited 2 branches of the dungeon, and saw 13 of its levels.

You collected 697 gold pieces.


Innate Abilities, Weirdness & Mutations

You are immune to sickness and miasma.
Your stone body is resilient. (AC +9)
You are immune to poison.
You resist negative energy. (rN+)
You are resistant to electric shocks. (rElec)
You are resistant to unholy torment.
You are immune to petrification.


   Skills:
 - Level 10.0(15.0) Fighting
 - Level 12.0(17.0) Axes
 + Level 4.9(9.9) Throwing
 - Level 10.0(15.0) Armour
 - Level 2.3(7.3) Dodging
 - Level 10.7(15.7) Shields
 - Level 10.1 Invocations


You had 12 spell levels left.
You didn't know any spells.
Your spell library was empty.

Inventory:

Hand Weapons
 h - a +0 morningstar
 A - the +10 mace "Zenav" {spect, rCorr}
   (You found it on level 3 of the Lair of Beasts)

   When its wielder attacks, the weapon's spirit leaps out and strikes again.
   The spirit shares a part of any damage it takes with its wielder.
   rCorr:     It protects you from acid and corrosion.
 Y - a +3 broad axe of freezing (weapon)
Missiles
 c - a boomerang
 f - a silver javelin
 y - 6 javelins (quivered)
Armour
 k - a +0 pair of gloves (worn)
 l - a +0 hat of see invisible (worn)
 s - a +0 kite shield (worn)
 w - the +1 crystal plate armour "Ukkeiteg" (worn) {Contam Dex+6}
   (Okawaru gifted it to you on level 3 of the Lair of Beasts)

   Dex:       It affects your dexterity (+6).
   Contam:    It causes magical contamination when unequipped.
 x - a +0 helmet
Jewellery
 n - a +4 ring of evasion (right hand)
 p - an amulet of the acrobat (around neck)
 t - a +4 ring of protection (left hand)
Scrolls
 b - a scroll of silence {unknown}
 j - 3 scrolls of identify
Potions
 a - 3 potions of cancellation
 d - a potion of might
 e - 3 potions of lignification
 g - 2 potions of mutation
 i - a potion of resistance
 m - a potion of magic
 o - a potion of attraction
 q - a potion of haste
 u - 6 potions of curing

Dungeon Overview and Level Annotations

Branches:
Dungeon (8/15)             Temple (0/1) D:7            Lair (5/5) D:8
  Swamp (0/4) Lair:2       Spider (0/4) Lair:2
  Slime: Lair:4-5

Altars:
Ashenzari
Cheibriados
Okawaru
Ru
Xom

Shops:
D:8 (

Annotations:
D:7 2 transporters, qw's ghost, novice GrFi


Message History

The cane toad stings you but does no damage.
You block the komodo dragon's attack.
The electric eel shoots out a bolt of lightning at you!
The bolt of electricity hits you but does no damage.
You block the cane toad's attack.
The blink frog blinks!
Your unstable footing causes you to fumble your attack.
You feel yourself speed up.
The blink frog croaks.
The cane toad stings you but does no damage.
The komodo dragon completely misses you.
The cane toad barely misses you.
You slice the cane toad!! You freeze the cane toad.
You kill the cane toad!
Okawaru accepts your kill.
You slice the komodo dragon!! You freeze the komodo dragon.
You slash the cane toad! You freeze the cane toad.
You block the cane toad's attack. The komodo dragon bites you!
Being near the torpor snail leaves you feeling lethargic.
You hit the cane toad. You freeze the cane toad.
The cane toad is almost dead.
You hit the komodo dragon. You freeze the komodo dragon.
You slice the blink frog!!
The blink frog seems to slow down.
You freeze the blink frog. You block the cane toad's attack.
The komodo dragon bites you!
The blink frog hits you but does no damage.
An electric eel comes into view.
The cane toad misses you.
The blink frog hits you but does no damage.
You slash the cane toad! You freeze the cane toad.
You kill the cane toad!
Okawaru accepts your kill.
You closely miss the komodo dragon. You slash the blink frog!
The blink frog seems to slow down.
You freeze the blink frog. You slice the blink frog!!
The blink frog seems to slow down.
You freeze the blink frog!
You kill the blink frog!
Okawaru accepts your kill.
The komodo dragon completely misses you.
The blink frog hits you.
You die...

...
..~#.P....%%..#
..~...........##
~.PP.....P.....##
~~~~~~...~.....##
#(~P~~....~...#
###~~~~~~.~..##
##~~~~~.~~..P#
#~~l~~~~~~~P~#
#~@F~~~~..####
P~~~~S%%~~..####
~~~.~~#######
P~~~~~ ~.~w!
~~P!( .~S$ ##P~


You could see a torpor snail, a komodo dragon, a blink frog (slow) and 2
electric eels.

Vanquished Creatures
  Gastronok (Lair:3)
  Nessos (Lair:3)
  3 hydras
  2 two-headed ogres (D:8)
  9 elephants
  13 cane toads
  2 black mambas
  2 rime drakes
  4 komodo dragons
  3 polar bears
  6 slime creatures (D:8)
  5 tyrant leeches
  22 blink frogs
  7 dream sheep (Lair:4)
  3 wyverns
  2 redbacks (Lair:2)
  21 yaks
  3 steam dragons (D:7)
  4 basilisks
  3 vampire mosquitoes (Lair:5)
  Edmund (D:6)
  9 water moccasins
  An orc warrior (D:8)
  2 sky beasts
  2 ice beasts (D:7)
  2 centaurs
  A phantom (D:4)
  13 bullfrogs
  A kobold brigand (D:7)
  Blork the orc (D:6)
  A gnoll sergeant (D:8)
  4 scorpions
  2 necrophages
  4 wights (D:7)
  A vampire bat (Lair:4)
  An electric eel (Lair:5)
  3 jellies
  5 hounds
  An orc priest (D:6)
  6 iguanas
  An orc wizard (D:5)
  7 hell rats (Lair:4)
  5 gnolls (D:8)
  10 adders
  A shadow imp (D:6)
  2 white imps
  3 ufetubi
  2 worms (D:4)
  2 dart slugs
  11 orcs
  7 endoplasms
  8 giant cockroaches
  4 goblins
  6 hobgoblins
  7 jackals
  4 quokkas
  6 ball pythons
  10 bats
  3 frilled lizards
  14 kobolds
  2 rats (D:3)
292 creatures vanquished.

Vanquished Creatures (others)
  3 bushes (Lair:2)
  22 fungi
  72 plants
97 creatures vanquished.

Grand Total: 389 creatures vanquished

Notes
Turn   | Place    | Note
-------+----------+-------------------------------------------
     0 | D:1      | qw the Gargoyle Fighter began the quest for the Orb.
     0 | D:1      | Reached XP level 1. HP: 14/14 MP: 1/1
     0 | D:1      | 0 ||| qw: Version: 0.2-a-12-gaebbb33
     0 | D:1      | 0 ||| qw: Game counter: 1614
     0 | D:1      | 0 ||| qw: Always use a shield: true
     0 | D:1      | 0 ||| qw: God list: Okawaru
     0 | D:1      | 0 ||| qw: Allow faded altars: false
     0 | D:1      | 0 ||| qw: Do Orc after D:15 true
     0 | D:1      | 0 ||| qw: Do second Lair branch before Depths: true
     0 | D:1      | 0 ||| qw: Lair rune preference: random
     0 | D:1      | 0 ||| qw: Plans: Normal, Zot:1-4, God:TSO, Crypt, Tomb,
                  | Pan, Slime:5, Hells, Abyss, Orb
     0 | D:1      | 0 ||| PLANNING D:1-11
   311 | D:1      | 311 ||| Stepping ~*~*~tactically~*~*~ (stealth).
   314 | D:1      | 314 ||| Stepping ~*~*~tactically~*~*~ (stealth).
   316 | D:1      | Reached skill level 2 in Axes
   523 | D:1      | 523 ||| Stepping ~*~*~tactically~*~*~ (stealth).
   532 | D:1      | Reached XP level 2. HP: 16/19 MP: 2/2
   532 | D:1      | 532 ||| Stepping ~*~*~tactically~*~*~ (stealth).
   981 | D:1      | 981 ||| READING scroll labelled FUQALU DAINYXT.
   982 | D:1      | 982 ||| READING scroll labelled LYKACZ XYRO.
   983 | D:1      | 983 ||| READING 2 scrolls labelled VUCIAW ECZEINN.
   984 | D:1      | 984 ||| DROPPING scroll of magic mapping.
  1051 | D:2      | Reached skill level 3 in Axes
  1051 | D:2      | Reached XP level 3. HP: 23/23 MP: 3/3
  1114 | D:2      | 1114 ||| Stepping ~*~*~tactically~*~*~ (stealth).
  1226 | D:2      | Found a faded altar of an unknown god.
  1264 | D:2      | 1264 ||| DROPPING +0 club.
  1638 | D:2      | 1638 ||| DROPPING +6 ring of intelligence.
  1908 | D:3      | Found a broken altar of Ashenzari.
  1969 | D:3      | Reached XP level 4. HP: 28/28 MP: 4/4
  1983 | D:3      | 1983 ||| Stepping ~*~*~tactically~*~*~ (stealth).
  2132 | D:3      | Reached skill level 4 in Axes
  2501 | D:3      | 2501 ||| UPGRADING to +2 chain mail of cold resistance.
  2511 | D:3      | 2511 ||| DROPPING +0 scale mail.
  2512 | D:3      | 2512 ||| UPGRADING to +0 pair of gloves.
  2517 | D:3      | 2517 ||| READING 2 scrolls labelled DYSKOO WAXTO.
  2518 | D:3      | 2518 ||| DROPPING scroll of amnesia.
  2605 | D:4      | Found a snail-covered altar of Cheibriados.
  2831 | D:4      | Noticed a phantom
  2848 | D:4      | Killed a phantom
  2849 | D:4      | Reached skill level 5 in Axes
  2849 | D:4      | Reached XP level 5. HP: 32/32 MP: 5/5
  3053 | D:4      | Reached XP level 6. HP: 31/38 MP: 6/6
  3240 | D:4      | Found a shimmering altar of Xom.
  3307 | D:4      | 3307 ||| Stepping ~*~*~tactically~*~*~ (stealth).
  3707 | D:4      | 3707 ||| UPGRADING to +6 ring of strength.
  3708 | D:4      | 3708 ||| READING scroll labelled UNELLI CORUEHA.
  3709 | D:4      | 3709 ||| READING 3 scrolls labelled WEXZAM OPOPNOAN.
  3710 | D:4      | 3710 ||| DRINKING 2 viscous sapphire potions.
  3811 | D:4      | 3811 ||| DRINKING 3 orange potions.
  3812 | D:4      | 3812 ||| READING 2 scrolls of identify.
  3812 | D:4      | 3812 ||| IDENTIFYING fuming cyan potion
  3813 | D:4      | 3813 ||| DROPPING potion of ambrosia.
  3814 | D:4      | 3814 ||| DROPPING 2 scrolls of poison.
  3851 | D:5      | Entered Level 5 of the Dungeon
  3911 | D:5      | 3911 ||| DROPPING +1 flail of holy wrath.
  4101 | D:5      | Found a sacrificial altar of Ru.
  4169 | D:5      | Reached skill level 6 in Axes
  4181 | D:5      | Reached XP level 7. HP: 33/43 MP: 7/7
  4273 | D:5      | You fall into a shaft and drop 3 floors!
  4284 | D:8      | Found Raunuig's Antique Weapon Shop.
  4285 | D:8      | 4285 ||| UPGRADING to +4 ring of evasion.
  4286 | D:8      | 4286 ||| UPGRADING to +4 ring of protection.
  4288 | D:8      | 4288 ||| DROPPING +6 ring of strength.
  4289 | D:8      | 4289 ||| READING scroll labelled YRCHEO TIPH.
  4292 | D:8      | 4292 ||| FLEEEEING.
  4293 | D:8      | 4293 ||| FLEEEEING.
  4294 | D:8      | 4294 ||| FLEEEEING.
  4295 | D:8      | 4295 ||| FLEEEEING.
  4323 | D:8      | Reached skill level 1 in Dodging
  4323 | D:8      | 4323 ||| STAIRDANCE
  4436 | D:7      | 4436 ||| Stepping ~*~*~tactically~*~*~ (stealth).
  4482 | D:7      | 4482 ||| Stepping ~*~*~tactically~*~*~ (stealth).
  4532 | D:7      | 4532 ||| DRINKING 2 bubbling green potions.
  4533 | D:7      | 4533 ||| DRINKING 2 dark potions.
  4534 | D:7      | 4534 ||| READING 3 scrolls of identify.
  4534 | D:7      | 4534 ||| IDENTIFYING inky potion
  4535 | D:7      | 4535 ||| READING 2 scrolls of identify.
  4535 | D:7      | 4535 ||| IDENTIFYING glowing brown potion
  4536 | D:7      | 4536 ||| DROPPING potion of brilliance.
  4571 | D:5      | Found an iron altar of Okawaru.
  4572 | D:5      | 4572 ||| PLANNING OKAWARU WORSHIP
  4579 | D:5      | Became a worshipper of Warmaster Okawaru
  4580 | D:5      | 4580 ||| PLANNING D:1-11
  4602 | D:5      | Reached skill level 7 in Axes
  4820 | D:5      | Reached XP level 8. HP: 49/49 MP: 8/8
  5112 | D:5      | 5112 ||| READING 2 scrolls of identify.
  5112 | D:5      | 5112 ||| IDENTIFYING fuming coppery potion
  5155 | D:6      | Reached skill level 1 in Throwing
  5181 | D:6      | 5181 ||| Stepping ~*~*~tactically~*~*~ (hiding).
  5194 | D:6      | Noticed Blork the orc
  5198 | D:6      | Killed Blork the orc
  5200 | D:6      | 5200 ||| Stepping ~*~*~tactically~*~*~ (stealth).
  5203 | D:6      | 5203 ||| Stepping ~*~*~tactically~*~*~ (hiding).
  5205 | D:6      | Reached * piety under Okawaru
  5207 | D:6      | 5207 ||| INVOKING Heroism.
  5534 | D:6      | Noticed Edmund
  5535 | D:6      | 5535 ||| INVOKING Heroism.
  5548 | D:6      | 5548 ||| INVOKING Heroism.
  5549 | D:6      | 5549 ||| INVOKING Heroism.
  5552 | D:6      | Killed Edmund
  5553 | D:6      | Reached skill level 8 in Axes
  5673 | D:6      | 5673 ||| Stepping ~*~*~tactically~*~*~ (stealth).
  5740 | D:6      | 5740 ||| INVOKING Heroism.
  5741 | D:6      | 5741 ||| INVOKING Heroism.
  5746 | D:6      | Reached skill level 1 in Invocations
  5895 | D:6      | 5895 ||| INVOKING Heroism.
  6092 | D:6      | 6092 ||| UPGRADING to amulet of the acrobat.
  6097 | D:6      | 6097 ||| DROPPING ring of positive energy.
  6098 | D:6      | 6098 ||| READING 4 scrolls of identify.
  6098 | D:6      | 6098 ||| IDENTIFYING lumpy blue potion
  6099 | D:6      | 6099 ||| READING 3 scrolls of identify.
  6099 | D:6      | 6099 ||| IDENTIFYING cyan potion
  6100 | D:6      | 6100 ||| READING 2 scrolls of identify.
  6100 | D:6      | 6100 ||| IDENTIFYING golden potion
  6101 | D:6      | 6101 ||| DROPPING potion of flight.
  6454 | D:7      | 6454 ||| Stepping ~*~*~tactically~*~*~ (hiding).
  6455 | D:7      | 6455 ||| INVOKING Heroism.
  6464 | D:7      | 6464 ||| Stepping ~*~*~tactically~*~*~ (cloud).
  6465 | D:7      | 6465 ||| Stepping ~*~*~tactically~*~*~ (cloud).
  6559 | D:7      | 6559 ||| Stepping ~*~*~tactically~*~*~ (cloud).
  6560 | D:7      | 6560 ||| Stepping ~*~*~tactically~*~*~ (cloud).
  6561 | D:7      | 6561 ||| Stepping ~*~*~tactically~*~*~ (hiding).
  6567 | D:7      | 6567 ||| INVOKING Heroism.
  6573 | D:7      | Reached skill level 6 in Fighting
  6573 | D:7      | Reached skill level 3 in Invocations
  6646 | D:7      | Reached XP level 9. HP: 42/55 MP: 11/11
  6650 | D:7      | 6650 ||| INVOKING Heroism.
  6877 | D:7      | Found a staircase to the Ecumenical Temple.
  7018 | D:7      | Reached skill level 9 in Axes
  7113 | D:7      | Found a transporter.
  7117 | D:7      | Identified the +1 ring mail of Kekluhulo {*Slow Str+4}
  7127 | D:7      | Noticed qw's ghost (novice GrFi)
  7153 | D:7      | Found a transporter.
  7245 | D:7      | 7245 ||| INVOKING Heroism.
  7256 | D:7      | 7256 ||| Stepping ~*~*~tactically~*~*~ (cloud).
  7433 | D:7      | 7433 ||| DROPPING orb of wrath.
  7502 | D:8      | Reached ** piety under Okawaru
  7505 | D:8      | 7505 ||| INVOKING Heroism.
  7713 | D:8      | 7713 ||| INVOKING Heroism.
  7717 | D:8      | 7717 ||| FLEEEEING.
  7718 | D:8      | 7718 ||| FLEEEEING.
  7722 | D:8      | 7722 ||| FLEEEEING.
  7724 | D:8      | 7724 ||| FLEEEEING.
  7725 | D:8      | 7725 ||| FLEEEEING.
  7726 | D:8      | 7726 ||| FLEEEEING.
  7727 | D:8      | 7727 ||| FLEEEEING.
  7728 | D:8      | 7728 ||| FLEEEEING.
  7732 | D:8      | 7732 ||| FLEEEEING.
  7733 | D:8      | 7733 ||| FLEEEEING.
  7734 | D:8      | 7734 ||| FLEEEEING.
  7735 | D:8      | 7735 ||| FLEEEEING.
  7736 | D:8      | 7736 ||| STAIRDANCE
  7929 | D:8      | 7929 ||| INVOKING Heroism.
  7934 | D:8      | 7934 ||| STAIRDANCE
  8111 | D:8      | Noticed a two-headed ogre
  8111 | D:8      | Noticed a two-headed ogre
  8112 | D:8      | 8112 ||| INVOKING Heroism.
  8121 | D:8      | HP: 14/57 [two-headed ogre/+0 giant club (23)]
  8122 | D:8      | 8122 ||| READING scroll of teleportation.
  8123 | D:8      | 8123 ||| DRINKING 4 potions of heal wounds.
  8133 | D:8      | Reached skill level 10 in Axes
  8133 | D:8      | 8133 ||| INVOKING Heroism.
  8140 | D:8      | Reached XP level 10. HP: 33/63 MP: 10/13
  8144 | D:8      | Killed a two-headed ogre
  8144 | D:8      | Reached *** piety under Okawaru
  8151 | D:8      | Killed a two-headed ogre
  8152 | D:8      | Reached skill level 6 in Shields
  8374 | D:8      | Found a staircase to the Lair.
  8377 | D:8      | 8377 ||| INVOKING Heroism.
  8783 | D:8      | 8783 ||| INVOKING Heroism.
  8831 | D:8      | 8831 ||| PLANNING LAIR
  8831 | D:8      | 8831 ||| UPGRADING to +0 kite shield.
  8841 | D:8      | 8841 ||| DROPPING +0 buckler.
  8875 | Lair:1   | Entered Level 1 of the Lair of Beasts
  8910 | Lair:1   | 8910 ||| INVOKING Heroism.
  8923 | Lair:1   | Reached **** piety under Okawaru
  9072 | Lair:1   | 9072 ||| Stepping ~*~*~tactically~*~*~ (stealth).
  9087 | Lair:1   | Reached XP level 11. HP: 69/69 MP: 14/14
  9176 | Lair:1   | 9176 ||| INVOKING Heroism.
  9210 | Lair:1   | 9210 ||| INVOKING Heroism.
  9265 | Lair:1   | 9265 ||| Stepping ~*~*~tactically~*~*~ (stealth).
  9266 | Lair:1   | 9266 ||| INVOKING Heroism.
  9278 | Lair:1   | Reached skill level 6 in Invocations
  9598 | Lair:1   | 9598 ||| READING 2 scrolls of identify.
  9598 | Lair:1   | 9598 ||| IDENTIFYING smoky emerald potion
  9665 | Lair:2   | 9665 ||| INVOKING Heroism.
  9834 | Lair:2   | Received a gift from Okawaru
  9865 | Lair:2   | 9865 ||| INVOKING Heroism.
  9882 | Lair:2   | 9882 ||| INVOKING Heroism.
 10089 | Lair:2   | Found a hole to the Spider Nest.
 10104 | Lair:2   | Reached skill level 9 in Shields
 10254 | Lair:2   | 10254 ||| Stepping ~*~*~tactically~*~*~ (stealth).
 10256 | Lair:2   | 10256 ||| INVOKING Heroism.
 10281 | Lair:2   | Received a gift from Okawaru
 10287 | Lair:2   | Reached ***** piety under Okawaru
 10288 | Lair:2   | Reached skill level 3 in Throwing
 10476 | Lair:2   | 10476 ||| INVOKING Heroism.
 10967 | Lair:2   | 10967 ||| INVOKING Heroism.
 10971 | Lair:2   | HP: 15/69 [tyrant leech (18)]
 10972 | Lair:2   | 10972 ||| READING scroll of teleportation.
 10973 | Lair:2   | 10973 ||| DRINKING 3 potions of heal wounds.
 11155 | Lair:2   | Found a staircase to the Swamp.
 11157 | Lair:2   | 11157 ||| Stepping ~*~*~tactically~*~*~ (stealth).
 11166 | Lair:2   | 11166 ||| INVOKING Heroism.
 11175 | Lair:2   | Received a gift from Okawaru
 11176 | Lair:2   | HP: 17/69 [tyrant leech (14)]
 11177 | Lair:2   | 11177 ||| DRINKING 2 potions of heal wounds.
 11408 | Lair:2   | Reached skill level 11 in Axes
 11410 | Lair:2   | 11410 ||| INVOKING Heroism.
 11776 | Lair:2   | 11776 ||| UPGRADING to +0 helmet.
 11781 | Lair:2   | 11781 ||| DROPPING ring of wizardry.
 11782 | Lair:2   | 11782 ||| READING scroll labelled IRAEMAK QIANKI.
 11783 | Lair:2   | 11783 ||| READING 2 scrolls of identify.
 11783 | Lair:2   | 11783 ||| IDENTIFYING fuming brown potion
 11784 | Lair:2   | 11784 ||| DROPPING potion of degeneration.
 11802 | Lair:3   | Noticed Gastronok
 11802 | Lair:3   | Noticed a five-headed hydra
 11803 | Lair:3   | 11803 ||| INVOKING Heroism.
 11804 | Lair:3   | 11804 ||| INVOKING Finesse.
 11806 | Lair:3   | 11806 ||| SWAPPING to +0 morningstar.
 11811 | Lair:3   | 11811 ||| Stepping ~*~*~tactically~*~*~ (outnumbered).
 11819 | Lair:3   | Reached skill level 9 in Invocations
 11822 | Lair:3   | HP: 14/69 [five-headed hydra (5)]
 11823 | Lair:3   | 11823 ||| DRINKING 2 potions of heal wounds.
 11826 | Lair:3   | Killed a five-headed hydra
 11827 | Lair:3   | Reached XP level 12. HP: 24/75 MP: 12/19
 11827 | Lair:3   | 11827 ||| SWAPPING to +0 war axe.
 11829 | Lair:3   | HP: 18/75 [Gastronok (6)]
 11830 | Lair:3   | 11830 ||| DRINKING potion of heal wounds.
 11838 | Lair:3   | Killed Gastronok
 11839 | Lair:3   | Reached skill level 6 in Armour
 11982 | Lair:3   | 11982 ||| INVOKING Heroism.
 12076 | Lair:3   | Noticed Nessos
 12077 | Lair:3   | 12077 ||| Stepping ~*~*~tactically~*~*~ (hiding).
 12078 | Lair:3   | 12078 ||| Stepping ~*~*~tactically~*~*~ (hiding).
 12081 | Lair:3   | 12081 ||| INVOKING Finesse.
 12083 | Lair:3   | 12083 ||| Stepping ~*~*~tactically~*~*~ (hiding).
 12100 | Lair:3   | Killed Nessos
 12100 | Lair:3   | Received a gift from Okawaru
 12229 | Lair:3   | 12229 ||| Stepping ~*~*~tactically~*~*~ (stealth).
 12231 | Lair:3   | 12231 ||| Stepping ~*~*~tactically~*~*~ (stealth).
 12318 | Lair:3   | 12318 ||| Stepping ~*~*~tactically~*~*~ (stealth).
 12326 | Lair:3   | 12326 ||| INVOKING Heroism.
 12341 | Lair:3   | Identified the +1 crystal plate armour "Ukkeiteg" {Contam
                  | Dex+6} (Okawaru gifted it to you on level 3 of the Lair of
                  | Beasts)
 12341 | Lair:3   | Received a gift from Okawaru
 12463 | Lair:3   | Reached skill level 9 in Fighting
 12542 | Lair:3   | Identified the +10 mace "Zenav" {spect, rCorr}
 12553 | Lair:3   | 12553 ||| INVOKING Heroism.
 12648 | Lair:3   | 12648 ||| FLEEEEING.
 12649 | Lair:3   | 12649 ||| FLEEEEING.
 12792 | Lair:3   | 12792 ||| INVOKING Heroism.
 13046 | Lair:3   | Noticed a four-headed hydra
 13047 | Lair:3   | 13047 ||| INVOKING Heroism.
 13048 | Lair:3   | 13048 ||| INVOKING Finesse.
 13049 | Lair:3   | 13049 ||| SWAPPING to +0 morningstar.
 13065 | Lair:3   | Killed a four-headed hydra
 13066 | Lair:3   | 13066 ||| SWAPPING to +0 war axe.
 13168 | Lair:3   | 13168 ||| Stepping ~*~*~tactically~*~*~ (hiding).
 13511 | Lair:3   | 13511 ||| DROPPING +2 scale mail of fire resistance.
 13512 | Lair:3   | 13512 ||| UPGRADING to +0 hat of see invisible.
 13522 | Lair:3   | 13522 ||| DROPPING +0 plate armour.
 13523 | Lair:3   | 13523 ||| UPGRADING to +1 crystal plate armour "Ukkeiteg"
                  | {Contam Dex+6}.
 13533 | Lair:3   | 13533 ||| DROPPING +2 chain mail of cold resistance.
 13534 | Lair:3   | 13534 ||| READING 2 scrolls labelled BUOPATAUTA.
 13535 | Lair:3   | 13535 ||| READING scroll labelled GURENE COOGUNE.
 13536 | Lair:3   | 13536 ||| READING scroll labelled YBUB XOUHAMUSK.
 13537 | Lair:3   | 13537 ||| DROPPING scroll of noise.
 13556 | Lair:4   | 13556 ||| INVOKING Heroism.
 13557 | Lair:4   | 13557 ||| STAIRDANCE
 13640 | Lair:4   | 13640 ||| Stepping ~*~*~tactically~*~*~ (stealth).
 13641 | Lair:4   | 13641 ||| Stepping ~*~*~tactically~*~*~ (stealth).
 13645 | Lair:4   | 13645 ||| Stepping ~*~*~tactically~*~*~ (stealth).
 13649 | Lair:4   | 13649 ||| Stepping ~*~*~tactically~*~*~ (stealth).
 13651 | Lair:4   | 13651 ||| Stepping ~*~*~tactically~*~*~ (stealth).
 13653 | Lair:4   | 13653 ||| Stepping ~*~*~tactically~*~*~ (stealth).
 13821 | Lair:4   | 13821 ||| Stepping ~*~*~tactically~*~*~ (stealth).
 13825 | Lair:4   | 13825 ||| INVOKING Heroism.
 13839 | Lair:4   | Reached XP level 13. HP: 79/80 MP: 18/20
 13863 | Lair:4   | 13863 ||| INVOKING Heroism.
 13874 | Lair:4   | Reached skill level 9 in Armour
 13916 | Lair:4   | 13916 ||| SWAPPING to +2 broad axe of freezing.
 13917 | Lair:4   | 13917 ||| DROPPING +0 war axe.
 13990 | Lair:4   | 13990 ||| INVOKING Heroism.
 14081 | Lair:4   | 14081 ||| INVOKING Heroism.
 14114 | Lair:4   | 14114 ||| INVOKING Heroism.
 14352 | Lair:4   | 14352 ||| INVOKING Heroism.
 14361 | Lair:4   | Received a gift from Okawaru
 14546 | Lair:4   | 14546 ||| INVOKING Heroism.
 14833 | Lair:4   | 14833 ||| READING scroll labelled SEASISS OTOOQI.
 14858 | Lair:5   | Entered Level 5 of the Lair of Beasts
 14976 | Lair:5   | Reached skill level 12 in Axes
 15026 | Lair:5   | 15026 ||| INVOKING Heroism.
 15055 | Lair:5   | 15055 ||| INVOKING Finesse.
 15062 | Lair:5   | 15062 ||| SWAPPING to +0 morningstar.
 15065 | Lair:5   | 15065 ||| SWAPPING to +3 broad axe of freezing.
 15068 | Lair:5   | 15068 ||| SWAPPING to +0 morningstar.
 15069 | Lair:5   | 15069 ||| SWAPPING to +3 broad axe of freezing.
 15072 | Lair:5   | 15072 ||| SWAPPING to +0 morningstar.
 15074 | Lair:5   | 15074 ||| INVOKING Heroism.
 15086 | Lair:5   | Received a gift from Okawaru
 15087 | Lair:5   | 15087 ||| SWAPPING to +3 broad axe of freezing.
 15126 | Lair:5   | HP: 19/82 [komodo dragon (9)]
 15127 | Lair:5   | 15127 ||| DRINKING potion of heal wounds.
 15130 | Lair:5   | HP: 1/82 [komodo dragon (12)]
 15131 | Lair:5   | Slain by a blink frog

Levels and vault maps discovered:
D:1:      ncdulo_smallfort, layout_loops_cross
D:2:      layout_basic, ebering_ecumenical_altar_abandoned
D:3:      layout_loops_ring, general_overflow_altar
D:4:      layout_layer_cave, dk_xom_monty_hall, slow_altar_1, st_stairs_14
D:5:      layout_basic, nicolae_ru_path_of_blood, okawaru_metal_pillars_3,
          minmay_misc_feat_cross
D:6:      layout_loops_ring, uniq_edmund, uniq_blork_the_orc
D:7:      cheibrodos_steamvent, layout_basic, minmay_temple_entry_water_ring,
          gammafunk_ghost_gnarly_gnolls, bh_walls_and_bars
D:8:      layout_loops_ring, david_lair_shrubbed, nicolae_stop_n_shop_2,
          minmay_misc_feat_chi
Lair:1:   layout_chaotic_city, grunt_megastairs_2
Lair:2:   layout_concentric_octagons, minmay_swamp_entry_worms,
          spider_nest_entry_webs, serial_rivers, chequers_serial_rivers_micro_d,
          chequers_serial_rivers_small_a, chequers_serial_rivers_micro_d,
          chequers_serial_rivers_room_a, chequers_serial_rivers_room_a,
          chequers_serial_rivers_room_a, minmay_hedge_maze
Lair:3:   layout_gridlike, serial_bayou_shore_a, uniq_gastronok, uniq_nessos
Lair:4:   layout_regular_city, roderic_batcave, grunt_megastairs_4
Lair:5:   minmay_lair_end_frog_pond, layout_concentric_octagons,
          nicolae_slime_entry_slimehenge

Skill      XL: |  1  2  3  4  5  6  7  8  9 10 11 12 13 |
---------------+----------------------------------------+-----
Axes           | 2 3 5 6 7 8 10 11 12 | 12.0
Fighting       | 4 5 6 7 8 9 10 | 10.0
Dodging        | 1 2 |  2.3
Throwing       | 1 3 4 |  4.9
Invocations    | 3 4 5 9 10 | 10.1
Armour         | 5 8 10 | 10.0
Shields        | 4 7 9 10 | 10.7

Action                   |  1- 3 |  4- 6 |  7- 9 | 10-12 | 13-15 || total
-------------------------+-------+-------+-------+-------+-------++-------
Melee: War axe           |   121 |   141 |   328 |   553 |    20 ||  1163
       Morningstar       |       |       |       |    33 |    15 ||    48
       Broad axe         |       |       |       |       |   131 ||   131
Throw: Boomerang         |       |     7 |    16 |    11 |       ||    34
       Javelin           |       |       |       |    40 |    22 ||    62
Invok: Heroism           |       |       |    14 |    22 |     8 ||    44
       Finesse           |       |       |       |     3 |     1 ||     4
  Use: Scroll            |     3 |     4 |     8 |     7 |     1 ||    23
       Potion            |       |     2 |     3 |     4 |     1 ||    10
Armor: Scale mail        |    68 |    20 |       |       |       ||    88
       Chain mail        |       |    78 |   164 |   230 |       ||   472
       Crystal plate arm |       |       |       |    20 |    62 ||    82
Dodge: Dodged            |    47 |    47 |   189 |   255 |    74 ||   612
Block: Buckler           |    22 |    25 |    64 |    11 |       ||   122
       Kite shield       |       |       |       |   270 |   105 ||   375

Table legend:
 A = Non-vault XP
 B = Vault XP
 C = Vault XP percentage of total XP
 D = Non-vault monster count
 E = Vault monster count
 F = Vault count percentage of total count
                 A         B        C        D         E       F
            +---------+---------+-------+---------+---------+-------
      Total |   29544 |   14727 |  33.3 |     232 |      60 |  20.5
            +---------+---------+-------+---------+---------+-------
        D:1 |      28 |       0 |   0.0 |      16 |       0 |   0.0
        D:2 |      39 |       0 |   0.0 |      16 |       0 |   0.0
        D:3 |      63 |       0 |   0.0 |      17 |       0 |   0.0
        D:4 |     194 |     193 |  49.9 |      18 |       4 |  18.2
        D:5 |     377 |       0 |   0.0 |      15 |       0 |   0.0
        D:6 |     439 |     265 |  37.6 |      15 |       2 |  11.8
        D:7 |    1105 |     550 |  33.2 |      21 |       3 |  12.5
        D:8 |    4116 |     367 |   8.2 |      23 |       1 |   4.2
     Lair:1 |    2389 |     796 |  25.0 |      10 |       4 |  28.6
     Lair:2 |    5342 |    1513 |  22.1 |      19 |       6 |  24.0
     Lair:3 |    9021 |    2506 |  21.7 |      29 |       2 |   6.5
     Lair:4 |    5520 |    1178 |  17.6 |      31 |      12 |  27.9
     Lair:5 |     911 |    7359 |  89.0 |       2 |      26 |  92.9
            +---------+---------+-------+---------+---------+-------
